 Dungeon Crawl Stone Soup version 0.28.0-43-g3370ac3207 (webtiles) character file.

Game seed: 2237457384488054535

7319 adizb the Grappler (level 10, -1/98 HPs)
             Began as a Troll Brigand on Mar 5, 2022.
             Was a Follower of Uskayaw.
             Slain by a seven-headed hydra (8 damage)
             ... on level 11 of the Dungeon.
             The game lasted 00:49:24 (7842 turns).

adizb the Grappler (Troll Brigand)                  Turns: 7842, Time: 00:49:24

Health: -1/98      AC: 13    Str: 25    XL:     10   Next: 90%
Magic:  13/18      EV: 11    Int:  7    God:    Uskayaw [*.....]
Gold:   1412       SH:  0    Dex: 11    Spells: 9/9 levels left

rFire   + . .      SeeInvis .     - Unarmed
rCold   . . .      Faith    .   (no shield)
rNeg    . . .      Spirit   .   H - +0 troll leather armour
rPois   .          Reflect  .   (helmet restricted)
rElec   .          Harm     .   x - +2 cloak {rCorr}
rCorr   +          Rampage  .   (gloves unavailable)
Will    +....                   (boots unavailable)
Stlth   ++........              (no amulet)
HPRegen 1.86/turn               g - +4 ring of protection
MPRegen 0.16/turn               F - ring "Wodeeschorgh" {*Slow +Blink rF+ Will+ MP+9}

@: no status effects
A: large, unfitting armour, claws 3, regeneration 1, shaggy fur 1, tough skin 1
a: Renounce Religion, Evoke Blink, Stomp


You were on level 11 of the Dungeon.
You worshipped Uskayaw.
Uskayaw was noncommittal.
You visited 2 branches of the dungeon, and saw 12 of its levels.

You collected 1412 gold pieces.

Inventory:

Missiles
 d - 4 poisoned darts (quivered)
 e - 2 curare-tipped darts
 n - a throwing net
 t - 12 large rocks
 u - 3 javelins
Armour
 b - a +0 robe
 c - a +0 cloak
 v - the +2 robe "Xerexaxt" {Rampage rPois rC+++ Int-2}
   (You found it on level 9 of the Dungeon)

   Int:       It affects your intelligence (-2).
   rC:        It renders you almost immune to cold.
   rPois:     It protects you from poison.
   Rampage:   It bestows one free step when moving towards enemies.
 x - a +2 cloak of preservation (worn)
 H - a +0 troll leather armour (worn)
Jewellery
 a - a ring of protection from cold
 g - a +4 ring of protection (left claw)
 o - an amulet of guardian spirit
 A - a ring of flight
 F - the ring "Wodeeschorgh" (right claw) {*Slow +Blink rF+ Will+ MP+9}
   (You found it on level 7 of the Dungeon)

   [ring of magical power]

   rF:        It protects you from fire.
   MP:        It affects your magic capacity (+9).
   +Blink:    It lets you blink.
   *Slow:     It may slow you when you take damage.
   Will:      It increases your willpower.
Wands
 q - a wand of flame (12)
 D - a wand of polymorph (14)
Scrolls
 l - a scroll of vulnerability
 m - a scroll of magic mapping {unknown}
 s - 2 scrolls of teleportation
 w - 2 scrolls of fear
 y - a scroll of blinking {unknown}
 z - a scroll of amnesia {unknown}
 B - a scroll of silence {unknown}
 I - a scroll of holy word {unknown}
Potions
 f - 4 potions of brilliance
 h - 2 potions of flight
 i - a potion of lignification {unknown}
 j - 3 potions of curing
 p - a potion of magic
 r - 4 potions of haste {unknown}
 C - a potion of attraction
 E - a potion of invisibility {unknown}


   Skills:
 + Level 5.7 Fighting
 - Level 1.5 Short Blades
 * Level 8.8 Throwing
 + Level 5.4 Dodging
 - Level 2.1 Stealth
 * Level 9.3 Unarmed Combat
 + Level 0.6 Invocations
 * Level 3.2 Evocations


You had 9 spell levels left.
You didn't know any spells.
Your spell library contained the following spells:

 Spells                   Type           Power      Damage    Failure   Level
 Sandblast                Erth           0%         2d4       47%         1
 Summon Small Mammal      Summ           0%         N/A       47%         1
 Passwall                 Tmut/Erth      0%         N/A       63%         2
 Call Canine Familiar     Summ           0%         N/A       85%         3
 Conjure Flame            Conj/Fire      0%         6-21      85%         3
 Gell's Gravitas          Tloc           0%         N/A       85%         3
 Ignite Poison            Fire/Tmut/Pois 0%         N/A       85%         3
 Inner Flame              Hex/Fire       0%         N/A       85%         3
 Stone Arrow              Conj/Erth      0%         3d7       85%         3
 Summon Guardian Golem    Hex/Summ       0%         N/A       85%         3
 Teleport Other           Tloc           0%         N/A       85%         3
 Cause Fear               Hex            0%         N/A       99%         4
 Leda's Liquefaction      Hex/Erth       0%         N/A       99%         4
 Sticky Flame             Conj/Fire      0%         2d3       99%         4
 Lee's Rapid Deconstruct  Erth           0%         3d5*      100%        5
 Summon Forest            Summ/Tloc      0%         N/A       100%        5
 Summon Mana Viper        Hex/Summ       0%         N/A       100%        5
 Dispersal                Tloc           0%         N/A       100%        6
 Statue Form              Tmut/Erth      0%         N/A       100%        6
 Summon Cactus Giant      Summ           0%         N/A       100%        6
 Orb of Destruction       Conj           0%         9d5       100%        7
 Spellforged Servitor     Conj/Summ      0%         N/A       100%        7
 Discord                  Hex            0%         N/A       100%        8


Dungeon Overview and Level Annotations

Branches:
Dungeon (11/15)            Temple (1/1) D:6             Orc (0/2) D:10
   Lair: D:8-11

Altars:
Ashenzari
Cheibriados
Dithmenos
Elyvilon
Fedhas
Gozag
Hepliaklqana
Kikubaaqudgha
Makhleb
Nemelex Xobeh
Ru
Uskayaw
Wu Jian
Xom
Yredelemnul
Zin
The Shining One

Shops:
D:8 :


Innate Abilities, Weirdness & Mutations

You are too large for most types of armour.
You have claws for hands.
Your natural rate of healing is unusually fast.
You are covered in fur. (AC +1)
You have tough skin. (AC +1)


Message History

You stomp with the beat, sending a shockwave through the revellers around you!
The seven-headed hydra is heavily wounded.
You can no longer pass through a line of other dancers.
The seven-headed hydra bites you but does no damage.
The seven-headed hydra bites you.
The seven-headed hydra bites you but does no damage.
The seven-headed hydra misses you. The seven-headed hydra bites you! x2
The seven-headed hydra bites you but does no damage.
You can now pass through a line of other dancers.
You stomp with the beat, sending a shockwave through the revellers around you!
The seven-headed hydra is severely wounded.
You can no longer pass through a line of other dancers.
The seven-headed hydra bites you but does no damage.
The seven-headed hydra bites you! x3
* * * LOW HITPOINT WARNING * * *
The seven-headed hydra bites you but does no damage.
The seven-headed hydra bites you!
* * * LOW HITPOINT WARNING * * *
The seven-headed hydra bites you but does no damage.
Okay, then.
You feel much better.
The seven-headed hydra closely misses you.
The seven-headed hydra bites you.
The seven-headed hydra bites you but does no damage.
The seven-headed hydra bites you!
The seven-headed hydra barely misses you.
The seven-headed hydra bites you!
The seven-headed hydra bites you but does no damage.
You hear the beating of a very distant drum.
The seven-headed hydra bites you.
* * * LOW HITPOINT WARNING * * *
The seven-headed hydra bites you!
* * * LOW HITPOINT WARNING * * *
The seven-headed hydra bites you.
* * * LOW HITPOINT WARNING * * *
The seven-headed hydra bites you but does no damage. x2
The seven-headed hydra bites you!
* * * LOW HITPOINT WARNING * * *
The seven-headed hydra bites you!
You die...

####......#.....#
#.........#.....#
#.........#(....#
######....#(..!.#
#....'(....#
#....#.....#
#....#.....#
#....#.....#
#....#.@D..#
#....#.....#
#....#######
#.....


You could see a seven-headed hydra (poisoned).

Vanquished Creatures
  A two-headed ogre (D:9)
  A cyclops (D:11)
  A manticore (D:7)
  A troll (D:10)
  Grinder (D:6)
  2 shadows (D:10)
  2 wraiths
  5 yaks (D:6)
  A vampire mosquito (D:7)
  4 steam dragons
  2 two-headed ogre zombies (D:10)
  An ice beast (D:5)
  A sky beast (D:3)
  4 orc warriors
  2 ogres
  A phantom (D:10)
  5 centaurs
  A kobold brigand (D:8)
  3 bullfrogs
  A wyvern zombie (D:7)
  4 scorpions
  2 troll zombies (D:10)
  12 wights (D:9)
  2 howler monkeys (D:5)
  A jelly (D:4)
  A gnoll shaman (D:9)
  5 orc priests
  2 bullfrog skeletons
  4 hounds (D:5)
  Jessica (D:2)
  3 iguanas
  3 orc wizards
  2 killer bee zombies
  4 ogre zombies (D:10)
  The ghost of Snicker the Sneak, a weakling DsDe (D:6)
  A hound skeleton (D:4)
  A howler monkey zombie (D:9)
  3 gnolls (D:9)
  7 adders
  2 river rats (D:6)
  A shadow imp (D:7)
  2 white imps
  An ufetubus (D:4)
  3 worms
  A dart slug (D:2)
  22 orcs
  9 ball pythons
  5 bats (D:1)
  4 endoplasms
  8 giant cockroaches
  5 goblins
  9 hobgoblins
  6 jackals
  7 kobolds
  2 quokkas
  4 frilled lizards (D:1)
  A goblin skeleton (D:10)
  3 goblin zombies (D:10)
  A hobgoblin skeleton (D:10)
  4 hobgoblin zombies (D:10)
  5 orc skeletons (D:10)
  11 orc zombies (D:10)
  10 rats
225 creatures vanquished.

Notes
Turn   | Place    | Note
-------+----------+-------------------------------------------
     0 | D:1      | adizb the Troll Brigand began the quest for the Orb.
     0 | D:1      | Reached XP level 1. HP: 19/19 MP: 0/0
   223 | D:1      | Reached XP level 2. HP: 27/28 MP: 1/1
   225 | D:1      | Reached skill level 1 in Dodging
   256 | D:1      | Reached skill level 1 in Unarmed Combat
   473 | D:1      | Reached XP level 3. HP: 35/35 MP: 2/2
  1101 | D:2      | Noticed Jessica
  1103 | D:2      | Killed Jessica
  1104 | D:2      | Reached skill level 2 in Unarmed Combat
  1104 | D:2      | Reached XP level 4. HP: 42/42 MP: 3/3
  1630 | D:3      | Noticed a sky beast
  1638 | D:3      | Killed a sky beast
  1639 | D:3      | Reached skill level 3 in Unarmed Combat
  1639 | D:3      | Reached XP level 5. HP: 50/50 MP: 4/4
  1880 | D:3      | Identified the +1 ring mail of the Black Moon {rPois rC++}
  1989 | D:3      | Found a faded altar of an unknown god.
  2150 | D:4      | Reached XP level 6. HP: 59/59 MP: 5/5
  2559 | D:5      | Entered Level 5 of the Dungeon
  2623 | D:5      | Reached skill level 4 in Unarmed Combat
  2637 | D:5      | Noticed an ice beast
  2641 | D:5      | Killed an ice beast
  2642 | D:5      | Reached XP level 7. HP: 66/66 MP: 6/6
  2984 | D:5      | Reached skill level 5 in Unarmed Combat
  3001 | D:5      | Reached skill level 5 in Throwing
  3039 | D:5      | Reached XP level 8. HP: 55/75 MP: 4/7
  3150 | D:5      | Identified the +12 scimitar of the Nexus {drain, rF+ rC-
                  | Will- Str+9}
  3447 | D:6      | Found a large runed translucent door.
  3447 | D:6      | Found a large runed translucent door.
  3449 | D:6      | Noticed Snicker's ghost (weakling DsDe)
  3457 | D:6      | Killed Snicker's ghost
  3472 | D:6      | Identified the +7 great sword of Demonkind {drain, rPois
                  | rC++ rCorr Dex-2}
  3671 | D:6      | Reached skill level 6 in Unarmed Combat
  3692 | D:6      | Found a staircase to the Ecumenical Temple.
  3798 | Temple   | Entered the Ecumenical Temple
  3903 | Temple   | Became a worshipper of Uskayaw the Reveller
  3992 | D:6      | Reached * piety under Uskayaw
  3995 | D:6      | Reached ** piety under Uskayaw
  4004 | D:6      | Reached *** piety under Uskayaw
  4009 | D:6      | Reached **** piety under Uskayaw
  4027 | D:6      | Reached XP level 9. HP: 20/84 MP: 2/8
  4217 | D:6      | Reached skill level 7 in Unarmed Combat
  4228 | D:6      | Noticed Grinder
  4238 | D:6      | Paralysed by Grinder for 2 turns
  4243 | D:6      | Killed Grinder
  4557 | D:7      | Identified the ring "Wodeeschorgh" {*Slow +Blink rF+ Will+
                  | MP+9}
  4916 | D:7      | Noticed a manticore
  4944 | D:7      | Killed a manticore
  4956 | D:7      | Reached skill level 1 in Evocations
  5156 | D:7      | Found a white marble altar of Elyvilon.
  5407 | D:8      | Reached skill level 8 in Unarmed Combat
  5793 | D:8      | Found Carool's Book Emporium.
  5875 | D:8      | Reached skill level 5 in Fighting
  6233 | D:9      | Reached XP level 10. HP: 95/96 MP: 9/9
  6468 | D:9      | Noticed a two-headed ogre
  6481 | D:9      | Killed a two-headed ogre
  6482 | D:9      | Reached skill level 5 in Dodging
  6584 | D:9      | Identified the +2 robe "Xerexaxt" {Rampage rPois rC+++
                  | Int-2}
  6875 | D:10     | Entered Level 10 of the Dungeon
  6984 | D:10     | Found a staircase to the Orcish Mines.
  7010 | D:10     | Reached ***** piety under Uskayaw
  7027 | D:10     | Reached ****** piety under Uskayaw
  7032 | D:10     | Reached skill level 9 in Unarmed Combat
  7091 | D:10     | HP: 2/96 [troll zombie (12)]
  7373 | D:10     | Identified 2 scrolls of acquirement
  7373 | D:10     | Acquired 835 gold pieces
  7374 | D:10     | Acquired a +2 cloak of preservation
  7796 | D:11     | Noticed a cyclops
  7801 | D:11     | Killed a cyclops
  7825 | D:11     | Noticed a four-headed hydra
  7842 | D:11     | Slain by a seven-headed hydra

Illustrated notes

Levels and vault maps discovered:
D:1:      matt_arrival_los_fun, layout_basic
D:2:      layout_loops_ring, minmay_unequal, uniq_jessica
D:3:      layout_loops_ring, shapermc_ecumenical_altar_mp_highgroup
D:4:      layout_rooms
D:5:      minmay_chambers_of_fours, layout_basic
D:6:      layout_basic, minmay_temple_entry_proselytizer,
          gup_sewer_entry_bubbles, ebering_ghost_disaster_area, uniq_grinder
D:7:      kennysheep_big_flooded_room, layout_loops_corners,
          mainiacjoe_overflow_cross_hatched, nicolae_benzene_ring
D:8:      layout_basic, serial_shops, kennysheep_mini, serial_co_window_serial,
          co_window_corner_a, co_window_paths_b, co_window_paths_b,
          co_window_of_opportunity_a, co_window_corner_a, co_window_broadway_b,
          co_window_corner_b, co_window_paths_c, co_window_broadway_b,
          glass_columns_a, glass_columns_a, glass_columns_b, minivault_11,
          grunt_decor_clamped
D:9:      layout_loops_cross
D:10:     layout_basic, zombieorc2_lemuel
D:11:     gammafunk_beogh_shrine, layout_irregular_city, erik_lair_dragon,
          gauntlet_entry_generic, uniq_josephine
Temple:   minmay_crystal_snake_temple

Skill      XL: |  1  2  3  4  5  6  7  8  9 10 |
---------------+-------------------------------+-----
Throwing       | 2 3 4 5 6 7 8 |  8.8
Dodging        | 1 2 3 4 5 |  5.4
Unarmed Combat | 1 2 3 4 5 6 8 9 |  9.3
Fighting       | 2 3 4 5 |  5.7
Evocations     | 1 3 |  3.2
Short Blades   | |  1.5
Stealth        | |  2.1
Invocations    | |  0.6

Action                   |  1- 3 |  4- 6 |  7- 9 | 10-12 || total
-------------------------+-------+-------+-------+-------++-------
Melee: Unarmed           |   100 |   131 |   240 |   156 ||   627
       Punch             |       |     4 |     9 |    10 ||    23
Throw: Dart              |    26 |       |    22 |    15 ||    63
       Large rock        |       |     5 |     6 |     7 ||    18
       Boomerang         |       |       |     5 |    10 ||    15
       Javelin           |       |       |     4 |    15 ||    19
       Throwing net      |       |       |     2 |       ||     2
Invok: Stomp             |       |       |     7 |     8 ||    15
       Line Pass         |       |       |       |     2 ||     2
 Abil: Evoke Blink       |       |       |     1 |     1 ||     2
  Use: Scroll            |       |     2 |     5 |     7 ||    14
       Potion            |       |       |     2 |     3 ||     5
 Stab: Sleeping          |     6 |     6 |     7 |       ||    19
       Paralysed         |       |       |     1 |    13 ||    14
Armor: Robe              |    44 |    63 |    98 |    45 ||   250
       Troll leather arm |       |       |       |    26 ||    26
Dodge: Dodged            |    47 |    54 |   112 |    77 ||   290
